Map: Ever Dream LE

Players

Groovy - Winner!

  • Race: Terran Terran
  • League: Grandmaster
  • Spawn Location: 7:00

A.I. 2 (Medium)

  • Race: Zerg Zerg
  • Spawn Location: 1:00

VOD

Have the link to the VOD?

Description

Time

  • Played on: June 20, 2020, 2:40 p.m.
  • Length: 6:29
Show
View Real Time Build Order
Export as new Build Order

Groovy Terran - Winner!

Build Orders: Gas First Reaper Expand, Hellion Opening 

Get SALT Encoding   

  12  0:00  SCV  
  13  0:12  SCV  
  14  0:17  Supply Depot  
  14  0:25  SCV  
  14  0:27  Refinery  
  15  0:38  SCV  
  16  0:44  Barracks  
  16  0:50  SCV  
  17  1:02  SCV  
  18  1:14  SCV  
  19  1:31  Orbital Command, Reaper  
  20  1:42  Command Center  
  20  1:53  Factory  
  20  1:57  SCV  
  21  2:05  Barracks Reactor  
  21  2:09  SCV  
  21  2:13  Supply Depot  
  22  2:19  Refinery  
  22  2:22  SCV  
  23  2:36  SCV  
  24  2:47  Hellion  
  24  2:48  Hellion  
  24  2:49  Starport, SCV  
  29  2:57  Orbital Command  
  29  3:02  SCV  
  29  3:05  Barracks Tech Lab  
  30  3:09  Hellion  
  32  3:14  SCV  
  33  3:24  SCV  
  33  3:25  Fusion Core  
  34  3:30  Hellion x2  
  38  3:35  SCV  
  38  3:36  Supply Depot  
  38  3:40  SCV  
  40  3:47  SCV  
  41  3:51  Hellion  
  45  3:56  Supply Depot  
  45  3:59  Supply Depot  
  45  4:04  SCV  
  45  4:05  SCV  
  45  4:12  Battlecruiser  
  45  4:17  SCV x2  
  53  4:27  Hellion  
  53  4:28  Hellion  
  53  4:29  SCV x2  
  53  4:30  Supply Depot  
  59  4:35  Supply Depot  
  58  4:39  Armory  
  58  4:41  SCV x2  
  60  4:49  Hellion x2  
  64  4:55  SCV  
  64  4:58  Supply Depot, SCV  
  66  5:10  SCV  
  66  5:12  Refinery  
  67  5:26  SCV x2  
  67  5:27  Command Center  
  67  5:29  Refinery  
  67  5:38  SCV x2  
  67  5:39  Hellion x2  
  69  5:54  SCV  
  68  5:58  SCV  
  68  6:03  Hellion x2  
  73  6:06  SCV  
  73  6:07  Armory  
  73  6:11  SCV  
  75  6:13  Factory  
  75  6:15  Factory  
Show
View Real Time Build Order
Export as new Build Order

A.I. 2 (Medium) Zerg 

Build Orders: 1 Base Baneling Bust, Pool Only 

Get SALT Encoding   

  12  0:01  Drone  
  13  0:12  Overlord  
  13  0:16  Drone  
  14  0:31  Drone  
  14  0:33  Drone  
  16  0:43  Spawning Pool  
  16  0:45  Drone  
  16  0:49  Drone  
  17  0:52  Extractor  
  17  0:56  Drone  
  17  1:06  Overlord  
  17  1:30  Queen  
  17  1:31  Zergling x2  
  20  1:36  Roach Warren  
  20  1:38  Drone  
  20  1:42  Extractor  
  19  1:47  Zergling x2  
  19  1:49  Drone  
  21  2:00  Drone  
  22  2:10  Overlord  
  22  2:21  Roach  
  24  2:32  Drone  
  25  2:37  Roach  
  25  2:38  Overlord  
  25  2:43  Drone  
  28  2:48  Drone  
  29  2:53  Ravager  
  29  2:55  Roach  
  33  3:05  Drone  
  33  3:11  Baneling Nest, Ravager  
  35  3:13  Roach  
  35  3:16  Drone  
  36  3:23  Overlord  
  37  3:27  Drone  
  37  3:28  Roach  
  39  3:37  Evolution Chamber  
  39  3:38  Drone  
  40  3:41  Drone  
  40  3:44  Roach  
  42  5:15  Zergling x2  
  42  5:22  Zergling x2  
  42  5:25  Queen  
  39  5:30  Roach  
  38  5:37  Zergling x2  
  29  5:44  Zergling x2  
  29  5:47  Drone  
  29  5:50  Drone  
  29  5:51  Roach  
  29  5:54  Drone  
  27  5:57  Drone  
  27  5:59  Roach  
  27  6:00  Drone  
  27  6:03  Drone  
  24  6:06  Drone, Zergling x2  
Tags
 
Add a new tag
Caveats
  • Supply blocks, unpowered buildings, or Contaminate may cause inaccurate times.
  • Supply counts are checked every 10 seconds.